 Dungeon Crawl Stone Soup version 0.28-a0-983-g1de4e0787c (webtiles) character file.

Game seed: 3106544306284634777

51 Redcow54321 the Sneak (level 3, -5/29 HPs)
             Began as a Demigod Brigand on Dec 3, 2021.
             Slain by Ijyb (6 damage)
             ... on level 3 of the Dungeon.
             The game lasted 00:02:29 (1363 turns).

Redcow54321 the Sneak (Demigod Brigand)             Turns: 1363, Time: 00:02:30

Health: -5/29      AC:  3    Str: 12    XL:     3   Next: 38%
Magic:  5/5        EV:  9    Int: 13    God:
Gold:   92         SH:  0    Dex: 19    Spells: 2/2 levels left

rFire   . . .      SeeInvis .   a - +2 dagger
rCold   + . .      Faith    .   (no shield)
rNeg    . . .      Spirit   .   b - +0 robe
rPois   .          Reflect  .   (no helmet)
rElec   .          Harm     .   c - +0 cloak
rCorr   .          Rampage  .   (no gloves)
Will    .....                   (no boots)
Stlth   +++.......              (no amulet)
HPRegen 0.09/turn               i - ring of protection from cold
MPRegen 0.09/turn               (no ring)

@: constricted
A: high mp 1, forlorn, divine attributes
a: no special abilities


You were on level 3 of the Dungeon.
You visited 1 branch of the dungeon, and saw 3 of its levels.

You collected 92 gold pieces.

Inventory:

Hand Weapons
 a - a +2 dagger (weapon)
Missiles
 d - 22 poisoned darts (quivered)
 e - 2 curare-tipped darts
 g - 4 datura-tipped darts
Armour
 b - a +0 robe (worn)
 c - a +0 cloak (worn)
Jewellery
 i - a ring of protection from cold (left hand)
 j - a +6 ring of dexterity
Scrolls
 h - a scroll of noise {unknown}
 k - a scroll of teleportation {unknown}
Potions
 f - a potion of degeneration {unknown}


   Skills:
 - Level 1.7 Fighting
 - Level 1.7 Short Blades
 - Level 1.7 Throwing
 * Level 1.7 Dodging
 + Level 4.7 Stealth


You had 2 spell levels left.
You didn't know any spells.
Your spell library contained the following spells:

 Spells                   Type           Power      Damage    Failure   Level
 Sublimation of Blood     Necr           0%         N/A       43%         2
 Wereblood                Tmut           0%         N/A       43%         2
 Summon Hydra             Summ           0%         N/A       100%        7


Dungeon Overview and Level Annotations

Branches:
Dungeon (3/15)

Annotations:
D:3 Ijyb


Innate Abilities, Weirdness & Mutations

You have an increased reservoir of magic. (+10% MP)
You shall have no god before yourself.
Your divine heritage dramatically boosts your attributes as you level up.


Message History

You kill the rat!
Ijyb barely misses you.
You hit Ijyb but do no damage. Ijyb closely misses you.
You hit Ijyb but do no damage. Ijyb closely misses you.
You hit Ijyb but do no damage. Ijyb barely misses you.
You hit Ijyb but do no damage. Ijyb closely misses you.
You hit Ijyb.
Ijyb is lightly wounded.
You hit Ijyb but do no damage.
Ijyb is lightly wounded.
Ijyb zaps a wand.
The bolt of acid misses you. The ball python bites you.
The ball python barely misses you.
You hit Ijyb but do no damage.
Ijyb is lightly wounded.
Ijyb zaps a wand.
The bolt of acid misses you. The ball python closely misses you.
The ball python completely misses you.
You hit Ijyb.
Ijyb is moderately wounded.
Ijyb hits you with a +0 club. The ball python barely misses you.
The ball python grabs you. The ball python constricts you.
You hit Ijyb.
Ijyb is moderately wounded.
Ijyb hits you with a +0 club. The ball python bites you.
The ball python constricts you.
The ball python's grasp on you weakens, but your attempt to escape fails.
The ball python bites you. The ball python constricts you.
Ijyb zaps a wand.
The bolt of acid hits you!
Ouch! That really hurt!
* * * LOW HITPOINT WARNING * * *
You escape the ball python's grasp.
A worm comes into view.
Ijyb hits you with a +0 club.
* * * LOW HITPOINT WARNING * * *
There is a stone staircase leading up here.
The ball python bites you but does no damage.
The ball python grabs you.
You stop ascending the stairs.
The ball python constricts you.
* * * LOW HITPOINT WARNING * * *
Ijyb hits you with a +0 club.
You die...

............
...........#
...........#
...........##
............####
...............#
............#
........S...#
.....$.@g...#
....)......##
.##............
...............
................
...............w
................
...........)...


You could see Ijyb and a ball python.

Vanquished Creatures
  5 ball pythons
  4 endoplasms (D:1)
  6 giant cockroaches (D:1)
  4 goblins (D:1)
  6 hobgoblins
  4 jackals (D:1)
  3 bats
  2 frilled lizards (D:1)
  3 kobolds
  6 rats
43 creatures vanquished.

Notes
Turn   | Place    | Note
-------+----------+-------------------------------------------
     0 | D:1      | Redcow54321 the Demigod Brigand began the quest for the
                  | Orb.
     0 | D:1      | Reached XP level 1. HP: 17/17 MP: 3/3
    67 | D:1      | Reached skill level 1 in Dodging
   211 | D:1      | Reached skill level 4 in Stealth
   218 | D:1      | Reached XP level 2. HP: 23/24 MP: 4/4
   706 | D:1      | Reached XP level 3. HP: 29/29 MP: 5/5
  1343 | D:3      | Noticed Ijyb
  1363 | D:3      | HP: 1/29 [constriction (1)]
  1363 | D:3      | Slain by Ijyb

Illustrated notes

Levels and vault maps discovered:
D:1:      dpeg_arrival_line_fractal, layout_basic,
          ebering_ecumenical_altar_abandoned
D:2:      layout_rooms, grunt_decor_one_mirror
D:3:      layout_rooms, uniq_ijyb

Skill      XL: |  1 |
---------------+----+-----
Dodging        | 1 |  1.7
Stealth        | 4 |  4.7
Fighting       | |  1.7
Short Blades   | |  1.7
Throwing       | |  1.7

Action                   || total
-------------------------++-------
Melee: Dagger            ||   112
 Stab: Sleeping          ||    13
Armor: Robe              ||    32
Dodge: Dodged            ||    79

Table legend: (Time is in decaauts)
 A = Elapsed time spent in this place.
 B = Non-inter-level travel time spent in this place.
 C = Inter-level travel time spent in this place.
 D = Time resting spent in this place.
 E = Time spent auto-exploring this place.
 F = Levels seen in this place.
 G = Mean time per level.
                   A        B        C        D        E       F      G
               +--------+--------+--------+--------+--------+-----+--------+
         Total |   1352 |   1307 |     45 |      0 |   1034 |   3 |  450.7 |
       Dungeon |   1352 |   1307 |     45 |      0 |   1034 |   3 |  450.7 |
               +--------+--------+--------+--------+--------+-----+--------+

Top non-repeatable levels by time:
     D:1: 980 daAuts
     D:2: 353 daAuts
     D:3: 18 daAuts
